 Dungeon Crawl Stone Soup version 0.17-a0-1210-g1e4f09d (webtiles) character file.

7539 Kidiri the Blocker (level 11, 0/71 HPs)
             Began as a Gargoyle Fighter on June 3, 2015.
             Was a High Priest of Okawaru.
             Slain by a komodo dragon (16 damage)
             ... on level 1 of the Lair of Beasts.
             The game lasted 00:40:52 (8571 turns).

Kidiri the Blocker (Gargoyle Fighter)               Turns: 8571, Time: 00:40:52

Health: 0/71       AC: 32    Str: 22    XL:     11   Next: 16%
Magic:  15/15      EV:  5    Int: 10    God:    Okawaru [*****.]
Gold:   184        SH: 12    Dex:  9    Spells: 0 memorised, 10 levels left

rFire  + . .     SeeInvis .     a - +3 flail
rCold  x . .     Clarity  .     G - +1 plate armour
rNeg   + . .     SustAt   .     c - +1 shield
rPois  ∞         Gourm    .     C - +2 helmet of Teymm {rCorr}
rElec  +         Spirit   .     u - +2 cloak
rCorr  +         Warding  .     (no gloves)
rMut   .         Stasis   .     (no boots)
MR     .....                    (no amulet)
Stlth  ..........               q - ring of fire
                                m - +3 ring of protection

@: not resistant to hostile enchantments, extremely unstealthy
A: negative energy resistance 1, electricity resistance, unbreathing,
petrification resistance, rot immunity, AC +7
a: Heroism, Finesse, Renounce Religion


You were on level 1 of the Lair of Beasts.
You worshipped Okawaru.
Okawaru was extremely pleased with you.
You were not hungry.

You visited 3 branches of the dungeon, and saw 10 of its levels.

You collected 390 gold pieces.
You spent 206 gold pieces at shops.

Inventory:

Hand weapons
 a - a +3 flail (weapon)
 l - a +3 quarterstaff of chaos
Armour
 c - a +1 shield (worn)
 u - a +2 cloak (worn)
 y - a +2 robe of fire resistance
 C - the +2 helmet of Teymm (worn) {rCorr}
   (You found it on level 8 of the Dungeon)

   It protects you from acid and corrosion.
 D - the +3 hat of Pondering {ponderous, MR+ MP+10 Int+5}
   (You took it off Gastronok on level 8 of the Dungeon)

   It affects your intelligence (+5).
   It affects your resistance to hostile enchantments.
   It affects your magic capacity (+10).
 G - a +1 plate armour (worn)
Jewellery
 m - a +3 ring of protection (left hand)
 q - a ring of fire (right hand)
 r - an uncursed ring of ice
Magical devices
 g - a wand of enslavement (11)
 n - a wand of cold (4)
 w - a wand of draining (5)
Scrolls
 p - a scroll of fog
 s - 6 scrolls of teleportation
 t - 2 scrolls of remove curse
 A - a scroll of noise {unknown}
 E - 2 scrolls of enchant armour
 F - a scroll of blinking
 H - a scroll of amnesia {unknown}
 J - a scroll of immolation {unknown}
Potions
 d - a potion of might
 f - 3 potions of lignification
 h - a potion of cure mutation {unknown}
 i - 5 potions of curing
 k - a potion of flight
 o - 2 potions of brilliance {unknown}
 v - 3 potions of magic
 z - a potion of ambrosia
 B - a potion of haste
 I - 2 potions of poison {unknown}
 K - a potion of agility {unknown}
Comestibles
 b - 4 fruits
 e - 8 bread rations
 j - 5 meat rations
 x - 3 beef jerkies
 L - 8 slices of pizza


   Skills:
 * Level 9.0 Fighting
 * Level 7.7 Maces & Flails
 * Level 9.1 Armour
 * Level 9.2 Shields
 + Level 5.5 Invocations
 + Level 4.5 Evocations


You had 10 spell levels left.
You didn't know any spells.

Dungeon Overview and Level Annotations

Branches:
Dungeon (8/15)             Temple (1/1) D:6            Lair (1/8) D:8

Altars:
Ashenzari
Cheibriados
Dithmenos
Elyvilon
Fedhas
Gozag
Kikubaaqudgha
Makhleb
Nemelex Xobeh
Okawaru
Qazlal
Ru
Sif Muna
Trog
Vehumet
Xom
Yredelemnul
Zin
The Shining One

Shops:
D:5 [?=!(


Innate Abilities, Weirdness & Mutations

You are resistant to torment.
Your stone body is resilient (AC +7).
You are immune to poison.
You resist negative energy.
You are resistant to electric shocks.
You can survive without breathing.
You are immune to petrification.
You are immune to rotting.


Message History

You hit the komodo dragon.
The komodo dragon is moderately wounded.
The komodo dragon bites you!
You hit the komodo dragon but do no damage.
The komodo dragon is moderately wounded.
You block the komodo dragon's attack.
You barely miss the komodo dragon.
The komodo dragon is moderately wounded.
The komodo dragon bites you but does no damage.
Your shield and plate armour prevent you from hitting the komodo dragon.
The komodo dragon is moderately wounded.
The komodo dragon bites you!
You thump the komodo dragon!
The komodo dragon is severely wounded.
The komodo dragon bites you!
* * * LOW HITPOINT WARNING * * *
Your shield and plate armour prevent you from hitting the komodo dragon.
The komodo dragon is severely wounded.
The komodo dragon bites you!
You die...

.. ####.
..###.#.. ....
...# ..... ..#
.....##.#
......#<## .
.........###...
...............
(......@.......
.......l.....##
#.............#
.#..P###....###
....# .....#
...# ......#
##. ##.##.. #
.. ..


You could see a komodo dragon.

Vanquished Creatures
  Gastronok (D:8)
  The ghost of Hanyuu the Cleaver, an experienced HOGl of Makhleb (D:5)
  Prince Ribbit (D:7)
  Sigmund (D:4)
  7 yaks (D:8)
  A human (D:8)
  4 hippogriffs
  A hungry ghost (D:8)
  A water moccasin (D:8)
  4 porcupines (D:8)
  2 sky beasts
  A black bear (D:6)
  A phantom (D:4)
  An ice beast (D:8)
  5 ogres
  2 orc warriors
  A centaur (D:8)
  3 crocodiles
  3 giant frogs
  A scorpion (D:5)
  5 killer bees (D:7)
  4 crimson imps
  A giant frog zombie (D:5)
  3 jellies
  4 orc wizards
  Crazy Yiuf (D:7)
  2 giant frog skeletons
  2 hounds
  An orc priest (D:8)
  3 iguanas
  5 worker ants
  6 gnolls (D:5)
  7 adders
  A river rat (D:8)
  2 shadow imps (D:8)
  An ooze (D:5)
  An adder skeleton (D:5)
  4 worms
  5 giant geckos
  15 orcs
  13 bats
  A bat skeleton (D:5)
  5 giant cockroaches
  24 hobgoblins
  19 kobolds
  A giant gecko skeleton (D:5)
  5 giant newts
  22 goblins
  9 jackals
  2 quokkas
  A quokka skeleton (D:4)
  19 rats
236 creatures vanquished.

Vanquished Creatures (others)
  An orc wizard (D:8)
  A hobgoblin (D:1)
  4 plants (D:8)
6 creatures vanquished.

Grand Total: 242 creatures vanquished

Notes
Turn   | Place    | Note
--------------------------------------------------------------
     0 | D:1      | Kidiri the Gargoyle Fighter began the quest for the Orb.
     0 | D:1      | Reached XP level 1. HP: 14/14 MP: 1/1
   184 | D:1      | Reached XP level 2. HP: 19/19 MP: 2/2
   703 | D:2      | Reached XP level 3. HP: 20/23 MP: 3/3
  1273 | D:2      | Reached XP level 4. HP: 29/29 MP: 4/4
  1462 | D:3      | Reached skill level 4 in Fighting
  1690 | D:3      | Found a burning altar of Makhleb.
  1692 | D:3      | Found a blossoming altar of Fedhas.
  1692 | D:3      | Found a basalt altar of Yredelemnul.
  1692 | D:3      | Found an iron altar of Okawaru.
  1692 | D:3      | Found a white marble altar of Elyvilon.
  1693 | D:3      | Found a deep blue altar of Sif Muna.
  1704 | D:3      | Became a worshipper of Warmaster Okawaru
  2283 | D:4      | Reached XP level 5. HP: 32/34 MP: 5/5
  2342 | D:4      | Noticed Sigmund
  2377 | D:4      | Killed Sigmund
  2377 | D:4      | Acquired Okawaru's first power
  2377 | D:4      | Reached skill level 1 in Invocations
  2377 | D:4      | Reached XP level 6. HP: 30/40 MP: 6/6
  2468 | D:4      | Noticed a phantom
  2494 | D:4      | Killed a phantom
  2494 | D:4      | Reached skill level 5 in Fighting
  2494 | D:4      | Reached skill level 1 in Evocations
  2540 | D:4      | Noticed an ogre
  2551 | D:4      | Killed an ogre
  2551 | D:4      | Reached skill level 5 in Armour
  2551 | D:4      | Reached XP level 7. HP: 22/44 MP: 8/8
  2764 | D:4      | Reached skill level 5 in Shields
  2845 | D:4      | Noticed an ogre
  2862 | D:4      | Killed an ogre
  3197 | D:5      | Entered Level 5 of the Dungeon
  3258 | D:5      | Noticed Hanyuu's ghost (experienced HOGl)
  3431 | D:5      | Killed Hanyuu's ghost
  3431 | D:5      | Reached skill level 6 in Fighting
  3431 | D:5      | Reached XP level 8. HP: 23/51 MP: 9/9
  3909 | D:5      | Found Niatui's Distillery.
  3945 | D:5      | Bought 2 potions of curing for 78 gold pieces
  3945 | D:5      | Bought a potion of heal wounds for 65 gold pieces
  3945 | D:5      | Bought a potion of curing for 39 gold pieces
  4006 | D:5      | Found Taqiul's Antique Weapon Emporium.
  4417 | D:5      | Found Noji's Magic Scroll Boutique.
  4425 | D:5      | Bought a scroll of identify for 24 gold pieces
  4445 | D:5      | Found Koeqoo's Antique Armour Shoppe.
  4693 | D:6      | Reached skill level 5 in Maces & Flails
  4954 | D:6      | Found a staircase to the Ecumenical Temple.
  5050 | D:5      | Reached XP level 9. HP: 46/56 MP: 11/11
  5320 | D:5      | Found Viasiefo's Jewellery Shop.
  5524 | Temple   | Entered the Ecumenical Temple
  5651 | D:7      | Found a bloodstained altar of Trog.
  5735 | D:7      | Noticed Prince Ribbit
  6055 | D:7      | Killed Prince Ribbit
  6055 | D:7      | Reached skill level 7 in Armour
  6720 | D:7      | Noticed Crazy Yiuf
  6726 | D:7      | Killed Crazy Yiuf
  7044 | D:8      | Got a pitted helmet
  7050 | D:8      | Identified the +2 helmet of Teymm {rCorr} (You found it on level 8 of the Dungeon)
  7104 | D:8      | Reached XP level 10. HP: 63/63 MP: 13/13
  7161 | D:8      | Acquired Okawaru's second power
  7224 | D:8      | Reached skill level 8 in Shields
  7588 | D:8      | Found a staircase to the Lair.
  7603 | D:8      | Reached skill level 5 in Invocations
  7619 | D:8      | Noticed Gastronok
  7653 | D:8      | Killed Gastronok
  7653 | D:8      | Reached skill level 9 in Shields
  7653 | D:8      | Reached XP level 11. HP: 18/69 MP: 7/15
  8557 | Lair:1   | Entered Level 1 of the Lair of Beasts
  8571 | Lair:1   | Slain by a komodo dragon

Vault maps used:
D:1:      roderic_chinese_lattice_arrival, lemuel_flame_loot_1
D:2:      minmay_box_of_dots
D:3:      grunt_temple_overflow_open
D:4:      uniq_sigmund
D:5:      corexii_shantytown, first_bread, serial_shops, shop_statue,
          nicolae_shop_waterfront, nicolae_shop_statue_plus, shop, shop
D:6:      minmay_temple_entry_enclosed_plants, grunt_decor_fettered
D:7:      bloody_trog, uniq_crazy_yiuf_cottage, uniq_prince_ribbit1
D:8:      minmay_lair_entry_grove, grunt_pizzeria, uniq_gastronok
Temple:   circular_temple_12
Lair:1:   grunt_megastairs_2

Action                   |  1- 3 |  4- 6 |  7- 9 | 10-12 || total
-------------------------+-------+-------+-------+-------++-------
Melee: Flail             |   186 |   183 |   664 |   234 ||  1267
Invok: Heroism           |       |       |     2 |     2 ||     4
       Finesse           |       |       |       |     1 ||     1
  Use: Scroll            |     7 |     3 |    12 |       ||    22
       Potion            |       |     1 |     5 |     4 ||    10
  Eat: Chunk             |     1 |     5 |    15 |     4 ||    25
       Pizza             |       |       |     1 |       ||     1
       Royal jelly       |       |       |       |     1 ||     1
